 Dungeon Crawl Stone Soup version 0.31-a0-166-g46f44d267d (webtiles) character file.

Game seed: 12949470046668347967

5503 qw the Cleaver (level 10, -7/66 HPs)
             Began as a Gargoyle Fighter on June 13, 2023.
             Was a Follower of Okawaru.
             Mangled by an enormous slime creature (62 damage)
             ... on level 9 of the Dungeon.
             The game lasted 00:04:05 (7664 turns).

qw the Cleaver (Gargoyle Fighter)                   Turns: 7664, Time: 00:04:06

Health: -7/66      AC: 26    Str: 24    XL:     10   Next: 70%
Magic:  11/13      EV:  8    Int:  9    God:    Okawaru [*.....]
Gold:   402        SH: 10    Dex:  9    Spells: 9/9 levels left

rFire   . . .        Y - +2 war axe (freeze)
rCold   . . .        r - +0 kite shield
rNeg    + . .        g - +0 plate armour
rPois   inf          o - +1 helmet
rElec   +            (no cloak)
rCorr   .            (no gloves)
SInv    .            j - +0 pair of boots
Will    +....        (no amulet) Stlth
                     (no ring)
HPRegen 0.31/turn    (no ring)
MPRegen 0.13/turn

%: no passive effects
@: about to teleport, heroic, enlightened, flying
A: sickness immunity, AC +7, negative energy resistance 1, electricity
resistance, torment resistance 1, petrification resistance
a: Renounce Religion, Heroism


You were on level 9 of the Dungeon.
You worshipped Okawaru.
Okawaru was aware of your devotion.
You visited 2 branches of the dungeon, and saw 10 of its levels.

You collected 511 gold pieces.
You spent 109 gold pieces at shops.


Innate Abilities, Weirdness & Mutations

You are immune to sickness and miasma.
Your stone body is resilient. (AC +7)
You are immune to poison.
You resist negative energy. (rN+)
You are resistant to electric shocks. (rElec)
You are resistant to unholy torment.
You are immune to petrification.


   Skills:
 - Level 9.0(14.0) Fighting
 - Level 12.0(17.0) Axes
 + Level 0.6(5.6) Throwing
 - Level 7.2(12.2) Armour
 - Level 1.1(6.1) Dodging
 - Level 5.1(10.1) Shields
 - Level 4.0 Invocations


You had 9 spell levels left.
You didn't know any spells.
Your spell library was empty.

Inventory:

Hand Weapons
 e - a +0 flail of holy wrath
 p - a +0 morningstar
 Y - a +2 war axe of freezing (weapon)
Missiles
 s - a silver javelin (quivered)
Armour
 g - a +0 plate armour (worn)
 j - a +0 pair of boots (worn)
 o - a +1 helmet (worn)
 r - a +0 kite shield (worn)
Scrolls
 f - 2 scrolls of teleportation
 l - a scroll of identify
Potions
 a - a potion of magic
 b - 2 potions of mutation
 d - a potion of might
 h - a potion of cancellation {unknown}
 i - 3 potions of curing
 k - a potion of haste
 m - a potion of attraction
 n - a potion of resistance {unknown}

Dungeon Overview and Level Annotations

Branches:
Dungeon (9/15)             Temple (1/1) D:6
   Lair: D:8-11         Orc: D:9-12

Altars:
Ashenzari
Cheibriados
Dithmenos
Fedhas
Hepliaklqana
Kikubaaqudgha
Nemelex Xobeh
Okawaru
Qazlal
Ru
Sif Muna
Trog
Uskayaw
Vehumet
Wu Jian
Xom
Yredelemnul
Zin
The Shining One

Shops:
D:3 (   D:4 *

Annotations:
D:7 2 runed translucent doors, exclusion: 2 goblins


Message History

You fly up into the air.
Done exploring.
7630 ||| DROPPING 3 potions of enlightenment.
You drop 3 potions of enlightenment.
Done exploring.
(D) Dungeon (T) Temple
Where to? (* - list waypoints, Enter - D:8, ? - help)
What level of the Dungeon? (default 1, ? - help)
You feel less attractive to monsters.
There is a stone staircase leading down here.
You fly downwards.
There is a stone staircase leading up here.
Waypoint 9 assigned to D:9.
You reach down and open the door. 4 slime creatures come into view.
The slime creature quivers. x2
You throw a silver javelin.
The silver javelin pierces through the slime creature!
The slime creature is moderately wounded.
The silver javelin pierces through the slime creature.
The slime creature is lightly wounded.
You barely miss the slime creature.
Two slime creatures merge to form a large slime creature.
You hit the large slime creature. You freeze the large slime creature.
The large slime creature is lightly wounded.
The large slime creature hits you!
You hit the large slime creature. You freeze the large slime creature.
The large slime creature is lightly wounded.
Two slime creatures merge to form a very large slime creature.
Two slime creatures merge to form an enormous slime creature.
7662 ||| READING 3 scrolls of teleportation.
As you read the scroll of teleportation, it crumbles to dust.
You feel strangely unstable.
7663 ||| INVOKING Heroism.
You gain the combat prowess of a mighty hero.
You hit the enormous slime creature. You freeze the enormous slime creature.
The enormous slime creature is lightly wounded.
The enormous slime creature hits you!!!
Ouch! That really hurt!
You die...

### #<#
#.# #.#
#@# #J#
... ....#
.....#
......#
.....(.#
....##+##


You could see an enormous slime creature.

Vanquished Creatures
  Prince Ribbit (D:5)
  Grinder (D:6)
  A yak (D:6)
  2 wyverns (D:7)
  Eustachio (D:5)
  A wraith (D:8)
  3 steam dragons
  Edmund (D:5)
  Menkaure (D:5)
  A water moccasin (D:7)
  4 orc warriors
  6 ice beasts
  A black bear (D:6)
  2 sky beasts (D:7)
  An ogre (D:5)
  2 centaurs
  3 kobold brigands
  Blork the orc (D:6)
  4 bullfrogs
  A scorpion (D:6)
  5 wights
  An electric eel (D:7)
  A howler monkey (D:7)
  9 hounds
  2 gnoll boudas (D:7)
  8 iguanas
  Natasha (thrice) (D:4)
  3 orc wizards
  2 sleepcaps (D:7)
  8 gnolls
  8 adders
  A shadow imp (D:7)
  6 white imps
  2 ufetubi (D:5)
  2 worms
  5 dart slugs
  10 orcs
  3 bats
  7 endoplasms
  2 giant cockroaches
  10 goblins
  4 hobgoblins
  2 quokkas (D:1)
  11 ball pythons
  4 frilled lizards
  16 kobolds
  6 rats
179 creatures vanquished.

Vanquished Creatures (others)
  A sky beast (D:7)
  A bullfrog (D:7)
  A kobold (D:8)
3 creatures vanquished.

Grand Total: 182 creatures vanquished

Notes
Turn   | Place    | Note
-------+----------+-------------------------------------------
     0 | D:1      | qw the Gargoyle Fighter began the quest for the Orb.
     0 | D:1      | Reached XP level 1. HP: 14/14 MP: 1/1
     0 | D:1      | 0 ||| qw: Version: 0.2-a-29-gc1b59c4
     0 | D:1      | 0 ||| qw: Game counter: 4834
     0 | D:1      | 0 ||| qw: Always use a shield: true
     0 | D:1      | 0 ||| qw: God list: Okawaru
     0 | D:1      | 0 ||| qw: Allow faded altars: false
     0 | D:1      | 0 ||| qw: Do Orc after D:15 true
     0 | D:1      | 0 ||| qw: Do second Lair branch before Depths: true
     0 | D:1      | 0 ||| qw: Lair rune preference: random
     0 | D:1      | 0 ||| qw: Plans: Normal, Zot:1-4, Slime:5, God:TSO, Crypt,
                  | Tomb, Abyss, Pan, Hells, Win
     0 | D:1      | 0 ||| PLANNING D:1-11
    32 | D:1      | Reached skill level 2 in Axes
    69 | D:1      | Reached XP level 2. HP: 19/19 MP: 2/2
   108 | D:1      | 108 ||| Stepping ~*~*~tactically~*~*~ (hiding).
   109 | D:1      | 109 ||| Stepping ~*~*~tactically~*~*~ (hiding).
   110 | D:1      | 110 ||| Stepping ~*~*~tactically~*~*~ (hiding).
   111 | D:1      | 111 ||| Stepping ~*~*~tactically~*~*~ (hiding).
   138 | D:1      | 138 ||| Stepping ~*~*~tactically~*~*~ (hiding).
   140 | D:1      | 140 ||| Stepping ~*~*~tactically~*~*~ (hiding).
   156 | D:1      | 156 ||| Stepping ~*~*~tactically~*~*~ (hiding).
   274 | D:1      | Reached skill level 3 in Axes
   285 | D:1      | 285 ||| DROPPING +0 club.
   318 | D:1      | 318 ||| Stepping ~*~*~tactically~*~*~ (stealth).
   328 | D:1      | Reached XP level 3. HP: 23/23 MP: 3/3
   366 | D:1      | 366 ||| Stepping ~*~*~tactically~*~*~ (stealth).
   367 | D:1      | 367 ||| Stepping ~*~*~tactically~*~*~ (stealth).
   369 | D:1      | 369 ||| Stepping ~*~*~tactically~*~*~ (stealth).
   479 | D:1      | 479 ||| DROPPING +0 whip.
   847 | D:1      | 847 ||| READING scroll labelled NYSTEL KOSSIU.
   848 | D:1      | 848 ||| READING scroll labelled GUOFOM ROVUOS.
   849 | D:1      | 849 ||| READING scroll labelled JITERPH VANUK.
   850 | D:1      | 850 ||| READING scroll labelled ITOGAETWYDI.
   851 | D:1      | 851 ||| DRINKING 2 ruby potions.
   975 | D:2      | 975 ||| Stepping ~*~*~tactically~*~*~ (stealth).
   976 | D:2      | 976 ||| Stepping ~*~*~tactically~*~*~ (stealth).
   977 | D:2      | 977 ||| Stepping ~*~*~tactically~*~*~ (stealth).
   979 | D:2      | 979 ||| Stepping ~*~*~tactically~*~*~ (stealth).
   981 | D:2      | 981 ||| Stepping ~*~*~tactically~*~*~ (stealth).
  1055 | D:2      | Reached XP level 4. HP: 28/28 MP: 4/4
  1117 | D:2      | 1117 ||| Stepping ~*~*~tactically~*~*~ (stealth).
  1118 | D:2      | 1118 ||| Stepping ~*~*~tactically~*~*~ (stealth).
  1130 | D:2      | Reached skill level 4 in Axes
  1184 | D:2      | 1184 ||| Stepping ~*~*~tactically~*~*~ (hiding).
  1185 | D:2      | 1185 ||| Stepping ~*~*~tactically~*~*~ (hiding).
  1186 | D:2      | 1186 ||| Stepping ~*~*~tactically~*~*~ (hiding).
  1188 | D:2      | 1188 ||| Stepping ~*~*~tactically~*~*~ (hiding).
  1189 | D:2      | 1189 ||| Stepping ~*~*~tactically~*~*~ (hiding).
  1448 | D:2      | 1448 ||| READING scroll labelled JOOPRAETS.
  1449 | D:2      | 1449 ||| READING 2 scrolls labelled COPOAGGAAC.
  1450 | D:2      | 1450 ||| DRINKING 2 lumpy clear potions.
  1451 | D:2      | 1451 ||| DROPPING scroll of fear.
  1492 | D:3      | Found Reacana's Weapon Boutique.
  1500 | D:3      | 1500 ||| SHOPLISTING +4 war axe (280 gold, have 152).
  1780 | D:3      | 1780 ||| Stepping ~*~*~tactically~*~*~ (hiding).
  1794 | D:3      | HP: 3/28 [gnoll/+0 flail (6)]
  1795 | D:3      | 1795 ||| DRINKING potion of heal wounds.
  1798 | D:3      | Reached XP level 5. HP: 28/32 MP: 5/5
  1838 | D:3      | 1838 ||| DROPPING +0 mace.
  2085 | D:3      | 2085 ||| UPGRADING to +0 chain mail.
  2095 | D:3      | 2095 ||| DROPPING +0 scale mail.
  2096 | D:3      | 2096 ||| UPGRADING to +0 pair of boots.
  2101 | D:3      | 2101 ||| READING 2 scrolls of identify.
  2101 | D:3      | 2101 ||| IDENTIFYING cyan potion
  2102 | D:3      | 2102 ||| DRINKING potion of experience.
  2102 | D:3      | Reached skill level 12 in Axes
  2102 | D:3      | Reached XP level 6. HP: 37/37 MP: 6/6
  2179 | D:4      | 2179 ||| Stepping ~*~*~tactically~*~*~ (hiding).
  2237 | D:4      | Found Lovam's Assorted Antiques.
  2247 | D:4      | 2247 ||| BUYING red potion (25 gold).
  2247 | D:4      | Bought a red potion for 25 gold pieces
  2247 | D:4      | 2247 ||| BUYING scroll labelled QIS MYREUMMIV (28 gold).
  2247 | D:4      | Bought a scroll labelled QIS MYREUMMIV for 28 gold pieces
  2247 | D:4      | 2247 ||| BUYING scroll labelled SANULE ITIXEN (28 gold).
  2247 | D:4      | Bought a scroll labelled SANULE ITIXEN for 28 gold pieces
  2247 | D:4      | 2247 ||| BUYING scroll labelled XEIHOV CENU (28 gold).
  2247 | D:4      | Bought a scroll labelled XEIHOV CENU for 28 gold pieces
  2381 | D:4      | 2381 ||| Stepping ~*~*~tactically~*~*~ (stealth).
  2525 | D:4      | Noticed Natasha
  2530 | D:4      | Killed Natasha
  2741 | D:4      | Noticed Natasha
  2747 | D:4      | Killed Natasha
  2806 | D:4      | 2806 ||| UPGRADING to +0 helmet.
  2811 | D:4      | 2811 ||| READING scroll labelled QIS MYREUMMIV.
  2812 | D:4      | 2812 ||| READING scroll labelled SANULE ITIXEN.
  2813 | D:4      | 2813 ||| READING scroll labelled XEIHOV CENU.
  2814 | D:4      | 2814 ||| READING scroll labelled MISHRA NEDEM.
  2815 | D:4      | 2815 ||| READING 3 scrolls of identify.
  2815 | D:4      | 2815 ||| IDENTIFYING red potion
  2816 | D:4      | 2816 ||| READING 2 scrolls of identify.
  2816 | D:4      | 2816 ||| IDENTIFYING blue potion
  2817 | D:4      | 2817 ||| DROPPING potion of degeneration.
  2841 | D:4      | Noticed Natasha
  2842 | D:4      | 2842 ||| Stepping ~*~*~tactically~*~*~ (stealth).
  2855 | D:4      | Killed Natasha
  2856 | D:4      | Reached XP level 7. HP: 21/43 MP: 7/7
  2962 | D:5      | Entered Level 5 of the Dungeon
  2968 | D:5      | Found a stormy altar of Qazlal.
  2993 | D:5      | 2993 ||| READING scroll of enchant weapon.
  2993 | D:5      | 2993 ||| ENCHANTING +1 war axe of freezing.
  2995 | D:5      | Noticed Eustachio
  3002 | D:5      | Reached skill level 1 in Dodging
  3005 | D:5      | 3005 ||| FLEEEEING.
  3008 | D:5      | 3008 ||| FLEEEEING.
  3009 | D:5      | 3009 ||| FLEEEEING.
  3024 | D:5      | Killed Eustachio
  3071 | D:5      | Found a basalt altar of Yredelemnul.
  3074 | D:5      | Noticed a profane servitor
  3195 | D:5      | Noticed Prince Ribbit
  3199 | D:5      | Killed Prince Ribbit
  3200 | D:5      | Reached XP level 8. HP: 32/49 MP: 8/8
  3331 | D:5      | 3331 ||| Stepping ~*~*~tactically~*~*~ (hiding).
  3600 | D:5      | Noticed Edmund
  3616 | D:5      | Killed Edmund
  3617 | D:5      | Reached skill level 6 in Fighting
  3735 | D:5      | Found a glowing golden altar of the Shining One.
  3741 | D:5      | Noticed an angel
  3759 | D:5      | 3759 ||| Stepping ~*~*~tactically~*~*~ (stealth).
  3760 | D:5      | 3760 ||| Stepping ~*~*~tactically~*~*~ (stealth).
  3789 | D:5      | Noticed Menkaure
  3790 | D:5      | 3790 ||| Stepping ~*~*~tactically~*~*~ (hiding).
  3799 | D:5      | Killed Menkaure
  3998 | D:5      | 3998 ||| UPGRADING to +0 plate armour.
  4008 | D:5      | 4008 ||| DROPPING +0 chain mail.
  4009 | D:5      | 4009 ||| READING scroll labelled NER HEOSTESMAQ.
  4014 | D:5      | 4014 ||| READING scroll labelled OFUASO MOSIKH.
  4028 | D:5      | 4028 ||| Stepping ~*~*~tactically~*~*~ (hiding).
  4253 | D:6      | Noticed Grinder
  4254 | D:6      | 4254 ||| Stepping ~*~*~tactically~*~*~ (hiding).
  4270 | D:6      | Killed Grinder
  4271 | D:6      | Reached XP level 9. HP: 25/55 MP: 9/9
  4274 | D:6      | HP: 12/55 [orc warrior/+0 halberd (3)]
  4276 | D:6      | HP: 4/55 [orc warrior/+0 halberd (9)]
  4576 | D:6      | 4576 ||| FLEEEEING.
  4577 | D:6      | 4577 ||| FLEEEEING.
  4578 | D:6      | 4578 ||| FLEEEEING.
  4614 | D:6      | Reached skill level 6 in Armour
  4745 | D:6      | Found a staircase to the Ecumenical Temple.
  4746 | D:6      | 4746 ||| PLANNING TEMPLE
  4754 | Temple   | Entered the Ecumenical Temple
  4808 | Temple   | 4808 ||| PLANNING OKAWARU WORSHIP
  4876 | Temple   | Became a worshipper of Warmaster Okawaru
  4876 | Temple   | 4876 ||| PLANNING D:1-11
  5101 | D:6      | Noticed Blork the orc
  5108 | D:6      | Killed Blork the orc
  5187 | D:7      | 5187 ||| Stepping ~*~*~tactically~*~*~ (stealth).
  5277 | D:7      | 5277 ||| Stepping ~*~*~tactically~*~*~ (stealth).
  5459 | D:7      | 5459 ||| Stepping ~*~*~tactically~*~*~ (stealth).
  5463 | D:7      | Reached * piety under Okawaru
  5464 | D:7      | Reached XP level 10. HP: 64/64 MP: 10/10
  5469 | D:7      | 5469 ||| INVOKING Heroism.
  5483 | D:7      | 5483 ||| FLEEEEING.
  5485 | D:7      | 5485 ||| FLEEEEING.
  5486 | D:7      | 5486 ||| FLEEEEING.
  5487 | D:7      | 5487 ||| FLEEEEING.
  5488 | D:7      | 5488 ||| FLEEEEING.
  5489 | D:7      | 5489 ||| FLEEEEING.
  5490 | D:7      | 5490 ||| FLEEEEING.
  5491 | D:7      | 5491 ||| FLEEEEING.
  5492 | D:7      | 5492 ||| FLEEEEING.
  5493 | D:7      | 5493 ||| FLEEEEING.
  5494 | D:7      | 5494 ||| FLEEEEING.
  5495 | D:7      | 5495 ||| FLEEEEING.
  5496 | D:7      | 5496 ||| FLEEEEING.
  5502 | D:7      | 5502 ||| FLEEEEING.
  5503 | D:7      | 5503 ||| FLEEEEING.
  5504 | D:7      | 5504 ||| FLEEEEING.
  5505 | D:7      | 5505 ||| FLEEEEING.
  5506 | D:7      | 5506 ||| FLEEEEING.
  5507 | D:7      | 5507 ||| FLEEEEING.
  5508 | D:7      | 5508 ||| FLEEEEING.
  5509 | D:7      | 5509 ||| FLEEEEING.
  5510 | D:7      | 5510 ||| FLEEEEING.
  5511 | D:7      | 5511 ||| FLEEEEING.
  5512 | D:7      | 5512 ||| FLEEEEING.
  5513 | D:7      | 5513 ||| FLEEEEING.
  5516 | D:7      | 5516 ||| FLEEEEING.
  5517 | D:7      | 5517 ||| FLEEEEING.
  5521 | D:7      | 5521 ||| FLEEEEING.
  5522 | D:7      | 5522 ||| FLEEEEING.
  5523 | D:7      | 5523 ||| FLEEEEING.
  5524 | D:7      | 5524 ||| FLEEEEING.
  5525 | D:7      | Found a large runed translucent door.
  5526 | D:7      | 5526 ||| FLEEEEING.
  5526 | D:7      | Found a large runed translucent door.
  5527 | D:7      | 5527 ||| FLEEEEING.
  5528 | D:7      | 5528 ||| FLEEEEING.
  5529 | D:7      | 5529 ||| STAIRDANCE
  5582 | D:6      | 5582 ||| READING 2 scrolls of identify.
  5582 | D:6      | 5582 ||| IDENTIFYING metallic green potion
  5585 | D:7      | 5585 ||| STAIRDANCE
  5652 | D:7      | 5652 ||| Stepping ~*~*~tactically~*~*~ (hiding).
  5713 | D:7      | 5713 ||| Stepping ~*~*~tactically~*~*~ (stealth).
  5715 | D:7      | 5715 ||| INVOKING Heroism.
  5716 | D:7      | Found a shimmering blue altar of Sif Muna.
  5721 | D:7      | Reached skill level 1 in Invocations
  5758 | D:7      | Found a bloodstained altar of Trog.
  5843 | D:7      | 5843 ||| INVOKING Heroism.
  5865 | D:7      | 5865 ||| Stepping ~*~*~tactically~*~*~ (stealth).
  5866 | D:7      | 5866 ||| DROPPING +0 flail.
  5868 | D:7      | 5868 ||| Stepping ~*~*~tactically~*~*~ (stealth).
  5870 | D:7      | 5870 ||| Stepping ~*~*~tactically~*~*~ (hiding).
  5975 | D:7      | 5975 ||| INVOKING Heroism.
  5995 | D:7      | Reached skill level 3 in Invocations
  6025 | D:7      | 6025 ||| Stepping ~*~*~tactically~*~*~ (hiding).
  6189 | D:7      | 6189 ||| Stepping ~*~*~tactically~*~*~ (stealth).
  6214 | D:7      | 6214 ||| INVOKING Heroism.
  6389 | D:7      | 6389 ||| Stepping ~*~*~tactically~*~*~ (hiding).
  6607 | D:7      | 6607 ||| Stepping ~*~*~tactically~*~*~ (stealth).
  6609 | D:7      | 6609 ||| Stepping ~*~*~tactically~*~*~ (hiding).
  6610 | D:7      | 6610 ||| Stepping ~*~*~tactically~*~*~ (hiding).
  6613 | D:7      | 6613 ||| INVOKING Heroism.
  6768 | D:7      | 6768 ||| READING scroll labelled QETUNI DATO.
  7080 | D:8      | 7080 ||| INVOKING Heroism.
  7096 | D:8      | Reached skill level 9 in Fighting
  7269 | D:8      | 7269 ||| READING scroll of enchant armour.
  7269 | D:8      | 7269 ||| ENCHANTING +0 helmet.
  7374 | D:8      | 7374 ||| INVOKING Heroism.
  7617 | D:8      | 7617 ||| UPGRADING to +0 kite shield.
  7627 | D:8      | 7627 ||| DROPPING +0 buckler.
  7628 | D:8      | 7628 ||| DRINKING 2 glowing green potions.
  7629 | D:8      | 7629 ||| DRINKING 4 bubbling dark potions.
  7630 | D:8      | 7630 ||| DROPPING 3 potions of enlightenment.
  7662 | D:9      | 7662 ||| READING 3 scrolls of teleportation.
  7663 | D:9      | 7663 ||| INVOKING Heroism.
  7664 | D:9      | Mangled by an enormous slime creature

Levels and vault maps discovered:
D:1:      reono_arrival_forest_river, layout_loops_ring
D:2:      layout_rooms
D:3:      layout_loops_cross, serial_shops, nicolae_shop_bloodbath_and_beyond,
          dk_vineyard_3
D:4:      layout_basic, serial_shops, shop, dk_noncrumbling_4, uniq_natasha
D:5:      layout_loops_ring, grunt_temple_overflow_holy_war,
          mainiacjoe_overflow_paths, uniq_eustachio, uniq_menkaure, uniq_edmund,
          uniq_prince_ribbit1
D:6:      layout_basic, temple_hall, minmay_manual_monstrance,
          uniq_blork_the_orc, uniq_grinder
D:7:      nzn_winding_woodlands_medium [nzn_winding_woodlands_5x5_checkerboard,
          nzn_winding_woodlands_5x15_river_crossing,
          nzn_winding_woodlands_5x5_three,
          nzn_winding_woodlands_5x5_closed_star,
          nzn_winding_woodlands_center_garden, nzn_winding_woodlands_hourglass,
          nzn_winding_woodlands_5x5_perimeter, nzn_winding_woodlands_5x15_cabin,
          nzn_winding_woodlands_5x5_default], layout_loops_ring,
          nzn_overflow_gifts_of_might_and_magic, jmf_multi_god_temple2,
          enter_bailey_5
D:8:      layout_loops_ring, minmay_holes
D:9:      layout_basic, david_lair_generic, kennysheep_generic_room_5,
          uniq_pikel
Temple:   nicolae_temple_two_arcs

Skill      XL: |  1  2  3  4  5  6  7  8  9 10 |
---------------+-------------------------------+-----
Axes           | 2 3 4 12 | 12.0
Fighting       | 4 5 6 8 9 |  9.0
Dodging        | 1 |  1.1
Armour         | 4 5 6 7 |  7.2
Shields        | 4 5 |  5.1
Invocations    | 4 |  4.0
Throwing       | |  0.6

Action                     |  1- 3 |  4- 6 |  7- 9 | 10-12 || total
---------------------------+-------+-------+-------+-------++-------
  Melee: War axe           |   125 |   111 |   198 |   195 ||   629
  Throw: Javelin           |       |       |       |     1 ||     1
 Invoke: Heroism           |       |       |       |     9 ||     9
    Use: Scroll            |     4 |     9 |     3 |     4 ||    20
         Potion            |     1 |     3 |       |     2 ||     6
 Armour: Scale mail        |    51 |    41 |       |       ||    92
         Chain mail        |       |    16 |    29 |       ||    45
         Plate armour      |       |       |    67 |    96 ||   163
         Skin              |       |       |       |     7 ||     7
  Dodge: Dodged            |    64 |    45 |    52 |    51 ||   212
  Block: Buckler           |    25 |    19 |    28 |    27 ||    99

Table legend:
 A = Non-vault XP
 B = Vault XP
 C = Vault XP percentage of total XP
 D = Non-vault monster count
 E = Vault monster count
 F = Vault count percentage of total count
                 A         B        C        D         E       F
            +---------+---------+-------+---------+---------+-------
      Total |    3557 |    4118 |  53.7 |     134 |      47 |  26.0
            +---------+---------+-------+---------+---------+-------
        D:1 |      53 |       0 |   0.0 |      27 |       0 |   0.0
        D:2 |      61 |       0 |   0.0 |      19 |       0 |   0.0
        D:3 |      87 |       0 |   0.0 |      15 |       0 |   0.0
        D:4 |     203 |      36 |  15.1 |      15 |       1 |   6.2
        D:5 |     498 |     838 |  62.7 |      18 |       4 |  18.2
        D:6 |     631 |    1095 |  63.4 |       9 |       9 |  50.0
        D:7 |    1188 |    2149 |  64.4 |      16 |      33 |  67.3
        D:8 |     836 |       0 |   0.0 |      15 |       0 |   0.0
            +---------+---------+-------+---------+---------+-------
